Map: Dusk Towers

Players

State - Winner!

  • Race: Protoss Protoss
  • League: Grandmaster

Cloudy

  • Race: Protoss Protoss
  • League: Master

VOD

Have the link to the VOD?

Description

Time

  • Played on: Nov. 24, 2015, 9:28 p.m.
  • Length: 11:10
Show
View Real Time Build Order
Export as new Build Order

State Protoss - Winner!

Build Orders: 1 Gate Expand 

Get SALT Encoding   

  12  0:02  Probe (Chrono Boost)  
  13  0:12  Probe (Chrono Boost)  
  14  0:19  Pylon  
  14  0:23  Probe (Chrono Boost)  
  15  0:37  Probe (Chrono Boost), Gateway  
  15  0:42  Assimilator  
  16  0:47  Probe (Chrono Boost)  
  17  0:58  Probe (Chrono Boost)  
  18  1:08  Probe (Chrono Boost)  
  19  1:22  Nexus  
  19  1:30  Cybernetics Core  
  19  1:34  Probe (Chrono Boost)  
  20  1:42  Assimilator  
  20  1:44  Probe (Chrono Boost)  
  21  1:51  Pylon  
  21  1:55  Probe (Chrono Boost)  
  22  2:06  Probe (Chrono Boost)  
  23  2:09  Stalker, Warp Gate  
  25  2:19  Mothership Core (Chrono Boost)  
  27  2:35  Probe (Chrono Boost)  
  28  2:37  Probe (Chrono Boost)  
  28  2:42  Twilight Council  
  29  2:46  Probe (Chrono Boost)  
  29  2:48  Probe (Chrono Boost)  
  31  2:54  Stalker (Chrono Boost)  
  31  2:56  Probe (Chrono Boost)  
  35  2:58  Probe (Chrono Boost)  
  35  3:00  Gateway  
  35  3:03  Gateway  
  35  3:12  Pylon  
  35  3:20  Pylon  
  35  3:23  Probe  
  35  3:24  Stalker (Chrono Boost)  
  30  3:49  Stalker (Chrono Boost)  
  30  3:55  Probe  
  31  3:56  Probe (Chrono Boost)  
  33  4:07  Probe (Chrono Boost)  
  33  4:08  Probe (Chrono Boost)  
  35  4:18  Probe (Chrono Boost)  
  35  4:20  Probe (Chrono Boost)  
  35  4:21  Stargate  
  37  4:29  Twilight Council  
  38  4:31  Probe (Chrono Boost)  
  38  4:33  Probe (Chrono Boost)  
  39  4:42  Probe (Chrono Boost)  
  39  4:44  Probe (Chrono Boost)  
  41  4:51  Pylon  
  41  4:52  Probe (Chrono Boost)  
  42  4:54  Probe (Chrono Boost)  
  43  5:03  Probe (Chrono Boost)  
  43  5:04  Probe (Chrono Boost), Pylon  
  43  5:05  Phoenix (Chrono Boost)  
  47  5:14  Probe x2  
  49  5:26  Probe  
  47  5:29  Probe  
  47  5:35  Phoenix  
  45  5:38  Probe  
  45  5:41  Probe  
  49  5:48  Robotics Facility  
  49  5:50  Probe  
  49  5:53  Probe  
  49  5:54  Charge (Chrono Boost)  
  51  5:59  Phoenix  
  51  6:02  Probe  
  54  6:05  Probe  
  55  6:15  Probe  
  55  6:17  Nexus  
  55  6:18  Probe  
  57  6:24  Phoenix  
  57  6:27  Probe  
  57  6:30  Probe  
  61  6:39  Probe  
  62  6:40  Immortal  
  62  6:46  Probe  
  67  6:51  Probe  
  68  6:58  Probe, Pylon  
  68  6:59  Pylon  
  68  7:01  Phoenix  
  69  7:03  Probe  
  70  7:10  Probe, Zealot  
  70  7:11  Zealot x2  
  70  7:15  Pylon  
  77  7:19  Immortal (Chrono Boost)  
  81  7:25  Probe x2  
  81  7:34  Zealot x3  
  84  7:42  Gateway  
  84  7:43  Gateway  
  79  7:51  Phoenix  
  79  7:54  Immortal (Chrono Boost)  
  81  8:02  Zealot x3  
  87  8:09  Probe  
  87  8:10  Probe x2  
  90  8:18  Pylon x2  
  90  8:23  Zealot x3  
  96  8:27  Pylon  
  96  8:28  Pylon  
  96  8:29  Immortal (Chrono Boost)  
  92  8:39  Probe  
  92  8:40  Probe  
  87  8:45  Zealot x3, Phoenix  
  83  8:49  Zealot  
  83  8:50  Mothership Core, Zealot  
  77  9:05  Zealot x3  
  79  9:12  Zealot x2  
  79  9:14  Immortal (Chrono Boost)  
  83  9:31  Zealot  
  83  9:32  Zealot x3  
  83  9:33  Stalker  
  87  9:43  Immortal (Chrono Boost)  
  80  9:52  Zealot x2  
  80  9:53  Zealot x2  
  84  10:01  Gateway  
  84  10:02  Gateway  
  84  10:04  Gateway  
  82  10:09  Zealot  
  82  10:15  Zealot x4  
  82  10:17  Immortal  
  88  10:31  Zealot  
  88  10:33  Stalker x2  
  90  10:36  Zealot x2  
  72  10:52  Probe x2  
  72  10:53  Probe  
  72  10:54  Assimilator  
  72  10:55  Zealot x3  
  72  10:56  Assimilator  
  85  10:59  Zealot x4  
Show
View Real Time Build Order
Export as new Build Order

Cloudy Protoss 

Build Orders:  

Get SALT Encoding   

  12  0:02  Probe (Chrono Boost)  
  13  0:13  Probe (Chrono Boost)  
  14  0:21  Pylon  
  14  0:23  Probe (Chrono Boost)  
  15  0:39  Probe (Chrono Boost)  
  15  0:40  Gateway  
  16  0:43  Assimilator  
  17  0:50  Probe (Chrono Boost)  
  17  1:00  Probe (Chrono Boost)  
  17  1:03  Assimilator  
  18  1:11  Probe (Chrono Boost)  
  19  1:15  Gateway  
  19  1:21  Probe (Chrono Boost)  
  20  1:32  Cybernetics Core, Probe (Chrono Boost)  
  21  1:42  Probe (Chrono Boost)  
  22  1:53  Probe (Chrono Boost)  
  23  2:02  Pylon  
  23  2:08  Warp Gate (Chrono Boost)  
  23  2:14  Pylon  
  23  2:20  Adept x2  
  27  2:39  Robotics Facility  
  27  2:41  Gateway  
  27  2:43  Pylon  
  27  2:54  Stalker x2  
  30  3:08  Probe  
  31  3:33  Stargate  
  28  3:53  Nexus  
  28  4:02  Probe (Chrono Boost)  
  27  4:10  Pylon  
  27  4:13  Probe (Chrono Boost)  
  28  4:20  Oracle (Chrono Boost)  
  31  4:28  Probe  
  32  4:40  Mothership Core (Chrono Boost)  
  32  4:42  Twilight Council  
  34  4:46  Pylon  
  34  4:56  Sentry, Stalker  
  39  5:00  Probe (Chrono Boost)  
  39  5:08  Probe (Chrono Boost)  
  39  5:10  Probe (Chrono Boost)  
  41  5:17  Probe (Chrono Boost)  
  41  5:20  Blink (Chrono Boost)  
  41  5:21  Probe  
  43  5:27  Probe  
  43  5:34  Probe  
  42  5:39  Probe  
  43  5:43  Gateway x2  
  43  5:44  Gateway  
  43  5:46  Probe  
  43  5:47  Stalker  
  43  5:49  Probe  
  46  5:52  Pylon  
  47  5:58  Probe  
  47  6:00  Probe  
  49  6:10  Probe x2  
  50  6:13  Stalker x2  
  55  6:18  Assimilator  
  55  6:23  Gateway  
  55  6:25  Pylon  
  55  6:28  Probe  
  55  6:29  Probe  
  57  6:33  Pylon  
  57  6:38  Stalker  
  57  6:39  Stalker  
  61  6:41  Probe  
  61  6:44  Probe  
  61  6:49  Gateway  
  61  6:51  Stalker  
  63  7:05  Stalker  
  63  7:06  Stalker x2  
  69  7:10  Stalker  
  71  7:18  Stalker  
  73  7:22  Stalker  
  73  7:25  Pylon  
  67  7:49  Stalker x6  
  75  7:54  Stalker  
  75  8:12  Stalker x4  
  83  8:23  Stalker x3  
  81  8:36  Stalker x3  
  79  8:44  Stalker  
  71  8:50  Stalker x2  
  69  8:59  Stalker x2  
  69  9:15  Stalker x2  
  71  9:19  Stalker, Zealot x2  
  77  9:25  Stalker  
  67  9:46  Stalker x2  
  67  9:47  Stalker  
  67  9:49  Stalker  
  67  9:50  Zealot  
  77  10:00  Stalker x2  
  75  10:14  Stalker  
  75  10:15  Stalker, Zealot  
  75  10:16  Zealot  
  79  10:30  Stalker x2  
  79  10:32  Zealot  
  67  10:47  Stalker  
  67  10:48  Stalker x2  
  67  10:51  Stalker  
Tags
 
Matchup
PvP
Player
State
Replay Pack
Rep Pack
Add a new tag
Caveats
  • Supply blocks, unpowered buildings, or Contaminate may cause inaccurate times.
  • Supply counts are checked every 10 seconds.